 Dungeon Crawl Stone Soup version 0.27.1-1-g398f81649c (webtiles) character file.

Game seed: 9613371388910181737

27 phibes the Stinger (level 3, 0/21 HPs)
             Began as an Octopode Venom Mage on Sept 13, 2021.
             Slain by a quokka (2 damage)
             ... on level 2 of the Dungeon.
             The game lasted 00:13:58 (1027 turns).

phibes the Stinger (Octopode Venom Mage)            Turns: 1027, Time: 00:13:59

Health: 0/21       AC:  1    Str:  7    XL:     3   Next: 10%
Magic:  4/6        EV: 13    Int: 17    God:
Gold:   36         SH:  0    Dex: 13    Spells: 6/7 levels left

rFire    . . .     SeeInvis .   (no weapon)
rCold    . . .     Faith    .   (no shield)
rNeg     . . .     Spirit   .   (helmet restricted)
rPois    .         Reflect  .   (no amulet)
rElec    .         Harm     .   (no ring)
rCorr    .         Rampage  .   (no ring)
Will     .....                  (no ring)
Stlth    +++.......             (no ring)
HPRegen  0.07/turn              (no ring)
MPRegen  0.10/turn              (no ring)
                                (no ring)
                                (no ring)

@: no status effects
A: almost no armour, amphibious, 8 rings, camouflage 1, gelatinous body 1,
(nimble swimmer 1), tentacles
a: no special abilities


You were on level 2 of the Dungeon.
You visited 1 branch of the dungeon, and saw 2 of its levels.

You collected 36 gold pieces.

Inventory:

Scrolls
 a - a scroll of amnesia {unknown}


   Skills:
 - Level 2.0 Dodging
 + Level 3.6 Stealth
 + Level 2.5 Spellcasting
 - Level 1.0 Transmutations
 + Level 4.1 Poison Magic


You had 6 spell levels left.
You knew the following spells:

 Your Spells              Type           Power      Damage    Failure   Level
a - Sting                 Tmut/Pois      40%        1d5       6%          1

Your spell library contained the following spells:

 Spells                   Type           Power      Damage    Failure   Level
 Poisonous Vapours        Pois/Air       18%        N/A       12%         2
 Mephitic Cloud           Conj/Pois/Air  6%         N/A       30%         3
 Olgreb's Toxic Radiance  Pois           16%        N/A       32%         4


Dungeon Overview and Level Annotations

Branches:
Dungeon (2/15)

Altars:


Innate Abilities, Weirdness & Mutations

You cannot wear most types of armour.
You are amphibious.
You can wear up to eight rings at the same time.
Your skin changes colour to match your surroundings (Stealth+).
Your rubbery body absorbs attacks. (AC +1, EV +1)
((You are camouflaged near water. (Stealth+)))
You have tentacles for arms and can constrict up to eight enemies at once.


Message History

Aim: a bat (57% to hit)
The sting misses the bat.
The sting hits the kobold.
The kobold is poisoned.
The kobold is severely wounded.
* * * LOW HITPOINT WARNING * * *
You feel sick.
You kill the kobold!
The bat misses you.
Casting: Sting (safe; 6% risk of failure)
Confirm with . or Enter, or press ? or * to list all spells.
Aiming: Sting (safe; 6% risk of failure)
Press: ? - help, Shift-Dir - straight line, f/p - bat
Aim: a bat (57% to hit)
The sting hits the bat.
The bat is poisoned.
The bat is moderately wounded.
* * * LOW HITPOINT WARNING * * *
You feel sick. The bat hits you.
* * * LOW HITPOINT WARNING * * *
It was a potion of lignification.
You turn into a tree.
Your roots penetrate the ground.
* * * LOW HITPOINT WARNING * * *
You feel sick.
You are no longer poisoned.
The bat hits you but does no damage.
Sorry, you're not good enough to have a special ability.
The bat hits you but does no damage. x2
The bat hits you but does no damage.
You kill the bat!
A quokka comes into view.
Your transformation is almost over.
The quokka bites you but does no damage.
The quokka bites you but does no damage.
The quokka bites you but does no damage. x2
The quokka bites you but does no damage.
The quokka bites you but does no damage.
The quokka bites you but does no damage.
The quokka bites you but does no damage.
The quokka bites you but does no damage. x2
You feel less wooden. The quokka bites you.
You die...

####..#.......
..#.#...#.#
...#...########.#####†#
# ###
#..................#
#.............######
...........# ##########
#........# #.)<......
#........# #.########
......#r#.## #.#
####..#@#.# #.#
#..#.#.#####.# #
#..#)#....<..#
###.#..#.#########
...S...#.# ..
.......#.#.#####
....bS..........
........##.#####
#######.# .#


You could see a quokka.

Vanquished Creatures
  An adder (D:2)
  3 ball pythons
  2 bats (D:2)
  2 endoplasms
  4 jackals (D:2)
  A frilled lizard (D:2)
  4 kobolds
  A rat (D:2)
18 creatures vanquished.

Notes
Turn   | Place    | Note
-------+----------+-------------------------------------------
     0 | D:1      | phibes the Octopode Venom Mage began the quest for the Orb.
     0 | D:1      | Reached XP level 1. HP: 11/11 MP: 3/3
   324 | D:1      | You fall into a shaft and drop 1 floor!
   345 | D:2      | Reached XP level 2. HP: 8/17 MP: 1/5
   803 | D:2      | Reached skill level 4 in Poison Magic
  1002 | D:2      | Reached XP level 3. HP: 11/21 MP: 3/6
  1007 | D:2      | HP: 1/21 [bat (1)]
  1027 | D:2      | Slain by a quokka

Illustrated notes

Levels and vault maps discovered:
D:1:      lightli_arrival_statue_moat, layout_rooms, serial_shops,
          nicolae_shop_behind_doors, shop, nicolae_diamond_shop,
          nicolae_shop_trees, shop
D:2:      layout_basic

Skill      XL: |  1  2 |
---------------+-------+-----
Stealth        | 3 |  3.6
Poison Magic   | 4 |  4.1
Dodging        | |  2.0
Spellcasting   | |  2.5
Transmutations | |  1.0

Action                   || total
-------------------------++-------
Melee: Unarmed           ||    20
       Constrict         ||     6
       Tentacles         ||     1
 Cast: Sting             ||    21
  Use: Potion            ||     1
Armor: Skin              ||    18
Dodge: Dodged            ||    28
